IceHogs vs Monsters
Created - Wednesday, February 19, 2025 at 21:06
Goals
|
IceHogs |
1 |
0 |
2 |
3 |
Monsters |
4 |
0 |
1 |
5 |
|
Shots
|
IceHogs |
9 |
5 |
10 |
24 |
Monsters |
9 |
7 |
9 |
25 |
|
1st period
1. IceHogs , Philip Tomasino 30 (Andrew Poturalski 32, Jeremie Poirier 14) at 2:40
2. Monsters , Mason Morelli 16 (Jacob Larsson 22, Owen Sillinger 38) at 9:17 (SH)
3. Monsters , Mason Morelli 17 (Mike Vecchione 24, Mackie Samoskevich 34) at 11:20
4. Monsters , Owen Sillinger 18 (Mackie Samoskevich 35, Jacob Larsson 23) at 16:41 (PP)
5. Monsters , Cam Dineen 2 (Mackie Samoskevich 36, Mason Morelli 26) at 17:46
Penalties :
Joe Hicketts (CLE) for Cross-checking (Minor) at 8:46, Ethen Frank (RIH) for Tripping (Minor) at 16:09
2nd period
No Goal
Penalties :
Christian Fischer (RIH) for Tripping (Minor) at 1:55, Kevin Gravel (CLE) for Slashing (Minor) at 15:08
3rd period
6. IceHogs , Filip Zadina 21 (Nikita Zaitsev 34, Christian Fischer 16) at 1:39
7. Monsters , Sean Farrell 9 (Justin Barron 40, Isaak Phillips 27) at 7:36 (PP)
8. IceHogs , Brendan Brisson 13 (Egor Afanasyev 30) at 16:35 (PP)
Penalties :
Cam Dineen (CLE) for Roughing (Minor) at 1:54, Jacob Larsson (CLE) for High sticking (Minor) at 4:26, Andrew Poturalski (RIH) for Tripping (Minor) at 5:41, Christian Fischer (RIH) for Holding (Minor) at 11:25, Dennis Gilbert (RIH) for Cross-checking (Minor) at 13:59, Cam Dineen (CLE) for Roughing (Minor) at 16:04, Grant Hutton (RIH) for Roughing (Minor) at 18:37, Dennis Gilbert (RIH) for Tripping (Minor) at 18:51
Goalie Stats
Philipp Grubauer (RIH), 4 saves from 8 shots - (0.500), L, 20-13-3, 17:46 minutes
Troy Grosenick (RIH), 16 saves from 17 shots - (0.941), 42:14 minutes
Gustav Grigals (CLE), 21 saves from 24 shots - (0.875), W, 13-9-1, 60:00 minutes
Players Stats for IceHogs
Player Name G A P +/- PIM S H SB GA TA FO MP PP MP PK MP
------------------------------------------------------------------------------------
Andrew Poturalski 0 1 1 1 2 0 1 0 0 0 8/15 15:29 3:55 2:10
Brendan Brisson 1 0 1 -1 0 1 1 0 0 0 0/2 17:46 3:29 2:10
Brian Halonen 0 0 0 1 0 0 1 0 0 0 0/0 9:23 0:00 0:00
Calle Rosen 0 0 0 -1 0 0 0 0 0 0 0/0 23:24 3:59 4:15
Christian Fischer 0 1 1 0 4 1 4 0 0 0 1/1 16:53 0:18 2:39
Dennis Gilbert 0 0 0 -1 4 1 2 0 0 0 0/0 20:10 3:44 2:49
Dominik Kubalik 0 0 0 -1 0 3 2 0 0 0 0/1 16:21 3:29 0:00
Egor Afanasyev 0 1 1 -1 0 2 2 0 0 0 21/26 21:47 3:29 6:17
Ethen Frank 0 0 0 -1 2 1 0 0 0 0 7/11 15:16 0:18 1:35
Filip Zadina 1 0 1 0 0 7 1 0 0 0 1/2 16:47 3:56 1:19
Garrett Pilon 0 0 0 0 0 0 0 0 0 0 0/0 0:00 0:00 0:00
Grant Hutton 0 0 0 -1 2 1 0 0 0 0 0/0 20:37 3:15 3:51
Jan Jenik 0 0 0 -1 0 1 3 0 0 0 8/10 9:26 0:00 0:00
Jeremie Poirier 0 1 1 1 0 0 2 1 0 0 0/0 17:43 0:45 2:43
Markus Niemelainen 0 0 0 1 0 1 3 0 0 0 0/0 14:49 0:00 0:56
Nikita Zaitsev 0 1 1 -1 0 2 0 2 0 0 0/0 22:40 3:43 3:29
Philip Tomasino 1 0 1 1 0 3 0 0 0 0 0/1 20:52 3:56 0:46
Valtteri Puustinen 0 0 0 -1 0 0 0 0 0 0 0/1 9:36 0:18 0:00
Players Stats for Monsters
Player Name G A P +/- PIM S H SB GA TA FO MP PP MP PK MP
------------------------------------------------------------------------------------
Brandon Tanev 0 0 0 -1 0 2 1 0 0 0 0/1 19:12 1:05 0:00
Cam Dineen 1 0 1 1 4 1 1 0 0 0 0/0 13:43 0:33 0:00
Cole McWard 0 0 0 0 0 0 0 0 0 0 0/0 10:14 0:18 1:42
Colton Dach 0 0 0 -1 0 1 0 0 0 0 1/2 17:49 3:44 1:20
Drew Callin 0 0 0 0 0 0 0 0 0 0 0/1 0:18 0:18 0:00
Erik Middendorf 0 0 0 0 0 0 0 0 0 0 0/0 1:07 0:23 0:16
Isaak Phillips 0 1 1 -1 0 1 1 0 0 0 0/0 15:31 4:18 2:38
Jacob Larsson 0 2 2 1 2 2 1 0 0 0 0/0 21:59 4:26 4:20
Joe Hicketts 0 0 0 1 2 0 2 2 0 0 0/0 14:17 0:00 1:06
Justin Barron 0 1 1 -1 0 1 1 0 0 0 0/0 23:27 4:03 2:35
Kevin Gravel 0 0 0 1 2 2 0 3 0 0 0/0 20:44 4:26 3:05
Mackie Samoskevich 0 3 3 2 0 3 1 0 0 0 1/1 21:31 3:40 2:52
Mason Morelli 2 1 3 3 0 3 3 0 0 0 0/1 22:13 4:22 4:08
Mathias Emilio Pettersen 0 0 0 -1 0 1 0 0 0 0 7/19 21:29 3:44 2:52
Mike Vecchione 0 1 1 2 0 0 0 0 0 0 4/9 12:18 0:00 0:00
Owen Sillinger 1 1 2 0 0 4 0 0 0 0 9/25 22:27 4:37 3:34
Sean Farrell 1 0 1 -1 0 2 0 0 0 0 1/1 16:47 1:30 0:24
Zack MacEwen 0 0 0 -1 0 2 5 0 0 0 1/10 16:22 3:43 0:00
3 Stars
1 - Mason Morelli (CLE)
2 - Mackie Samoskevich (CLE)
3 - Owen Sillinger (CLE)
Power Play
IceHogs - 1 on 5 Attempt(s) - 20.00%
Monsters - 2 on 7 Attempt(s) - 28.57%
Penalty Kill
IceHogs - 5 on 7 Attempt(s) - 71.43%
- Score 0 goal in Penalty Kill
Monsters - 4 on 5 Attempt(s) - 80.00%
- Score 1 goal in Penalty Kill
Team Stat
IceHogs - Hits : 22 - Faceoff Wins : 46 - Blocked Shots : 3 - Penalty Minutes : 14
Monsters - Hits : 16 - Faceoff Wins : 24 - Blocked Shots : 5 - Penalty Minutes : 10
Official
Referees : Ghislain Hebert and Jordan Samuels
Linesman : Julien Fournier and Kiel Murchison
Game Notes
Troy Grosenick enters game at 17:46 of 1st period
Finance
Level 1 -- Attendance: 1755 (87.75%) -- Ticket Income $61,425
Level 2 -- Attendance: 935 (93.50%) -- Ticket Income $14,025
Total Attendance: 2690 (89.67%)
Total Ticket Income: $75,450
Other Income: $36,970
Total Income: $112,420
IceHogs
5 vs 5 Forward
Center Left Wing Right Wing Time % Phy DF OF
1 Egor Afanasyev Brendan Brisson Dominik Kubalik 25 1 2 2
2 Andrew Poturalski Philip Tomasino Brian Halonen 25 1 2 2
3 Ethen Frank Christian Fischer Filip Zadina 25 1 2 2
4 Jan Jenik Valtteri Puustinen Philip Tomasino 25 1 2 2
5 vs 5 Defense
Defense Defense Time % Phy DF OF
1 Nikita Zaitsev Calle Rosen 25 1 2 2
2 Dennis Gilbert Grant Hutton 25 1 2 2
3 Jeremie Poirier Markus Niemelainen 25 1 2 2
4 Nikita Zaitsev Calle Rosen 25 1 2 2
PowerPlay Forward
Center Left Wing Right Wing Time % Phy DF OF
1 Egor Afanasyev Brendan Brisson Dominik Kubalik 60 1 2 2
2 Andrew Poturalski Philip Tomasino Filip Zadina 40 1 2 2
PowerPlay Defense
Defense Defense Time % Phy DF OF
1 Nikita Zaitsev Calle Rosen 60 1 2 2
2 Dennis Gilbert Grant Hutton 40 1 2 2
Penalty Kill 4 Players Forward
Center Wing Time % Phy DF OF
1 Egor Afanasyev Christian Fischer 60 1 2 2
2 Ethen Frank Filip Zadina 40 1 2 2
Penalty Kill 4 Players Defense
Defense Defense Time % Phy DF OF
1 Nikita Zaitsev Calle Rosen 60 1 2 2
2 Dennis Gilbert Grant Hutton 40 1 2 2
Penalty Kill - 3 Players Forward
Forward Time % Phy DF OF
1 Egor Afanasyev 60 1 2 2
2 Christian Fischer 40 1 2 2
Penalty Kill - 3 Players Defense
Defense Defense Time % Phy DF OF
1 Nikita Zaitsev Calle Rosen 60 1 2 2
2 Dennis Gilbert Grant Hutton 40 1 2 2
4 vs 4 Forward
Center Wing Time % Phy DF OF
1 Ethen Frank Christian Fischer 60 1 2 2
2 Filip Zadina Egor Afanasyev 40 1 2 2
4 vs 4 Defense
Defense Defense Time % Phy DF OF
1 Nikita Zaitsev Calle Rosen 60 1 2 2
2 Dennis Gilbert Grant Hutton 40 1 2 2
Last Minutes Offensive
Center Left Wing Right Wing Defense Defense
Egor Afanasyev Brendan Brisson Philip Tomasino Nikita Zaitsev Calle Rosen
Last Minutes Defensive
Center Left Wing Right Wing Defense Defense
Egor Afanasyev Christian Fischer Filip Zadina Nikita Zaitsev Calle Rosen
Goaltenders
Starting : Philipp Grubauer
Backup : Troy Grosenick
Extra Forwards
Normal : Ethen Frank, Brendan Brisson, Andrew Poturalski - PP : Ethen Frank, Brendan Brisson - PK : Andrew Poturalski
Extra Defensemen
Normal : Jeremie Poirier, Nikita Zaitsev, Dennis Gilbert - PP : Jeremie Poirier - PK : Calle Rosen, Dennis Gilbert
Penalty Shots
Brian Halonen, Philip Tomasino, Filip Zadina, Egor Afanasyev, Dominik Kubalik
Custom OT Lines Forwards
Egor Afanasyev, Brendan Brisson, Andrew Poturalski, Philip Tomasino, Dominik Kubalik, Brian Halonen, Ethen Frank, Filip Zadina, Valtteri Puustinen, Christian Fischer
Custom OT Lines Defensemen
Nikita Zaitsev, Calle Rosen, Dennis Gilbert, Grant Hutton, Jeremie Poirier
Scratches
Karl Henriksson (Healthy), Radim Zohorna (Healthy), Joe Snively (Healthy), James Hamblin (Healthy), T.J. Tynan (Healthy)
Josh Bloom (Healthy), Pierrick Dube (Healthy), Carson Meyer (Healthy), Matthew Seminoff (Healthy), Danny Zhilkin (Healthy)
Rory Kerins (Healthy), Josh Maniscalco (Healthy), Casey Fitzgerald (Healthy), Nate Sucese (Healthy), Josh Dunne (Healthy)
Mason Primeau (Healthy), Isaac Poulter (Healthy)
Monsters
5 vs 5 Forward
Center Left Wing Right Wing Time % Phy DF OF
1 Mike Vecchione Mason Morelli Mackie Samoskevich 25 1 2 2
2 Mathias Emilio Pettersen Brandon Tanev Sean Farrell 25 1 2 2
3 Zack MacEwen Colton Dach Owen Sillinger 25 1 2 2
4 Owen Sillinger Brandon Tanev Mackie Samoskevich 25 1 2 2
5 vs 5 Defense
Defense Defense Time % Phy DF OF
1 Justin Barron Isaak Phillips 25 1 2 2
2 Kevin Gravel Jacob Larsson 25 1 2 2
3 Cam Dineen Joe Hicketts 25 1 2 2
4 Cole McWard Justin Barron 25 1 2 2
PowerPlay Forward
Center Left Wing Right Wing Time % Phy DF OF
1 Owen Sillinger Mason Morelli Mackie Samoskevich 60 1 2 2
2 Mathias Emilio Pettersen Zack MacEwen Colton Dach 40 1 2 2
PowerPlay Defense
Defense Defense Time % Phy DF OF
1 Justin Barron Isaak Phillips 60 1 2 2
2 Kevin Gravel Jacob Larsson 40 1 2 2
Penalty Kill 4 Players Forward
Center Wing Time % Phy DF OF
1 Owen Sillinger Mason Morelli 60 1 2 2
2 Mackie Samoskevich Mathias Emilio Pettersen 40 1 2 2
Penalty Kill 4 Players Defense
Defense Defense Time % Phy DF OF
1 Justin Barron Isaak Phillips 60 1 2 2
2 Kevin Gravel Jacob Larsson 40 1 2 2
Penalty Kill - 3 Players Forward
Forward Time % Phy DF OF
1 Mackie Samoskevich 60 1 2 2
2 Mason Morelli 40 1 2 2
Penalty Kill - 3 Players Defense
Defense Defense Time % Phy DF OF
1 Justin Barron Isaak Phillips 60 1 2 2
2 Kevin Gravel Jacob Larsson 40 1 2 2
4 vs 4 Forward
Center Wing Time % Phy DF OF
1 Owen Sillinger Mason Morelli 60 1 2 2
2 Mackie Samoskevich Mathias Emilio Pettersen 40 1 2 2
4 vs 4 Defense
Defense Defense Time % Phy DF OF
1 Justin Barron Isaak Phillips 60 1 2 2
2 Kevin Gravel Jacob Larsson 40 1 2 2
Last Minutes Offensive
Center Left Wing Right Wing Defense Defense
Owen Sillinger Mason Morelli Mackie Samoskevich Justin Barron Isaak Phillips
Last Minutes Defensive
Center Left Wing Right Wing Defense Defense
Owen Sillinger Mason Morelli Mackie Samoskevich Justin Barron Isaak Phillips
Goaltenders
Starting : Gustav Grigals
Backup : Evan Cormier
Extra Forwards
Normal : Mason Morelli, Zack MacEwen, Colton Dach - PP : Mackie Samoskevich, Zack MacEwen - PK : Colton Dach
Extra Defensemen
Normal : Cam Dineen, Joe Hicketts, Cole McWard - PP : Cam Dineen - PK : Joe Hicketts, Cole McWard
Penalty Shots
Zack MacEwen, Mason Morelli, Mackie Samoskevich, Mathias Emilio Pettersen, Owen Sillinger
Custom OT Lines Forwards
Brandon Tanev, Mason Morelli, Mackie Samoskevich, Mathias Emilio Pettersen, Sean Farrell, Zack MacEwen, Owen Sillinger, Mike Vecchione, Colton Dach, Erik Middendorf
Custom OT Lines Defensemen
Justin Barron, Isaak Phillips, Kevin Gravel, Jacob Larsson, Cam Dineen
Scratches
Graham Slaggert (Healthy), Reece Newkirk (Healthy), Tommy Miller (Healthy), Reid Schaefer (Healthy), Tanner Dickinson (Healthy)
Brady Keeper (Healthy), Jake Gaudet (Healthy), Cameron Crotty (Healthy), Calle Clang (Healthy), Arvid Holm (Healthy)
% Time on Ice - IceHogs
Lines # - Real PCT - Wanted PCT - Time Play
Normal Forward
1 - 28% - 25% - 12:01
2 - 22% - 25% - 9:23
3 - 29% - 25% - 12:15
4 - 21% - 25% - 8:52
Normal Defense
1 - 17% - 25% - 7:23
2 - 32% - 25% - 13:28
3 - 34% - 25% - 14:27
4 - 17% - 25% - 7:13
PP Forward
1 - 45% - 60% - 3:29
2 - 55% - 40% - 4:14
PP Defense
1 - 52% - 60% - 3:59
2 - 48% - 40% - 3:44
PK Forward
1 - 84% - 60% - 6:38
2 - 16% - 40% - 1:16
PK Defense
1 - 45% - 60% - 3:33
2 - 55% - 40% - 4:21
PK3 Forward
1 - 74% - 60% - 0:50
2 - 26% - 40% - 0:18
PK3 Defense
1 - 6% - 60% - 0:04
2 - 94% - 40% - 1:04
44 Forward
1 - 100% - 60% - 0:44
2 - 0% - 40% - 0:00
44 Defense
1 - 77% - 60% - 0:34
2 - 23% - 40% - 0:10
Last Minute Offensive - 0:00
Last Minute Defensive - 0:00
Total
Forward - 60:00
Defense - 60:00
|
% Time on Ice - Monsters
Lines # - Real PCT - Wanted PCT - Time Play
Normal Forward
1 - 27% - 25% - 11:21
2 - 35% - 25% - 14:53
3 - 30% - 25% - 12:39
4 - 9% - 25% - 3:38
Normal Defense
1 - 18% - 25% - 7:51
2 - 31% - 25% - 13:14
3 - 31% - 25% - 13:12
4 - 19% - 25% - 8:14
PP Forward
1 - 59% - 60% - 5:18
2 - 41% - 40% - 3:44
PP Defense
1 - 51% - 60% - 4:36
2 - 49% - 40% - 4:26
PK Forward
1 - 63% - 60% - 4:51
2 - 37% - 40% - 2:52
PK Defense
1 - 40% - 60% - 3:05
2 - 60% - 40% - 4:38
PK3 Forward
1 - 0% - 60%
2 - 0% - 40%
PK3 Defense
1 - 0% - 60%
2 - 0% - 40%
44 Forward
1 - 100% - 60% - 0:44
2 - 0% - 40% - 0:00
44 Defense
1 - 100% - 60% - 0:44
2 - 0% - 40% - 0:00
Last Minute Offensive - 0:00
Last Minute Defensive - 0:00
Total
Forward - 60:00
Defense - 60:00
|
Play-by-Play
1st period
0:01 of 1st period - Mike Vecchione wins face-off versus Egor Afanasyev in neutral zone.
0:01 of 1st period - Mike Vecchione is hit by Brendan Brisson.
0:23 of 1st period - Justin Barron is hit by Egor Afanasyev and loses puck.
0:34 of 1st period - Mackie Samoskevich is hit by Dominik Kubalik.
0:51 of 1st period - Off-side.
0:52 of 1st period - Mathias Emilio Pettersen wins face-off versus Filip Zadina in neutral zone.
0:54 of 1st period - Brandon Tanev is hit by Markus Niemelainen and loses puck.
1:09 of 1st period - Shot by Christian Fischer.
1:09 of 1st period - Stopped by Gustav Grigals without a rebound.
1:10 of 1st period - Jan Jenik wins face-off versus Zack MacEwen in Monsters zone.
1:26 of 1st period - Shot by Jan Jenik.
1:26 of 1st period - Stopped by Gustav Grigals without a rebound.
1:27 of 1st period - Mathias Emilio Pettersen wins face-off versus Ethen Frank in Monsters zone.
1:51 of 1st period - Brandon Tanev is hit by Christian Fischer and loses puck.
2:01 of 1st period - Icing by Kevin Gravel.
2:02 of 1st period - Andrew Poturalski wins face-off versus Mathias Emilio Pettersen in Monsters zone.
2:22 of 1st period - Jacob Larsson is hit by Jeremie Poirier and loses puck.
2:30 of 1st period - Icing by Philip Tomasino.
2:31 of 1st period - Andrew Poturalski wins face-off versus Zack MacEwen in IceHogs zone.
2:40 of 1st period - Shot by Philip Tomasino.
2:40 of 1st period - Goal by Philip Tomasino - IceHogs : 1 - Monsters : 0.
2:41 of 1st period - Mike Vecchione wins face-off versus Brendan Brisson in neutral zone.
4:37 of 1st period - Icing by Calle Rosen.
4:38 of 1st period - Mathias Emilio Pettersen wins face-off versus Jan Jenik in IceHogs zone.
4:54 of 1st period - Brandon Tanev is hit by Christian Fischer.
6:11 of 1st period - Shot by Mackie Samoskevich.
6:11 of 1st period - Stopped by Philipp Grubauer with a rebound.
6:13 of 1st period - Shot by Mason Morelli.
6:13 of 1st period - Shot Misses the Net.
6:15 of 1st period - Shot by Isaak Phillips.
6:15 of 1st period - Shot Misses the Net.
6:36 of 1st period - Jacob Larsson is hit by Brian Halonen and loses puck.
7:20 of 1st period - Icing by Calle Rosen.
7:21 of 1st period - Egor Afanasyev wins face-off versus Mathias Emilio Pettersen in IceHogs zone.
7:38 of 1st period - Shot by Egor Afanasyev.
7:38 of 1st period - Shot Misses the Net.
8:45 of 1st period - Shot by Filip Zadina.
8:45 of 1st period - Stopped by Gustav Grigals without a rebound.
8:46 of 1st period - Ethen Frank wins face-off versus Mike Vecchione in Monsters zone.
8:46 of 1st period - Minor Penalty to Joe Hicketts for Cross-checking.
8:47 of 1st period - Owen Sillinger wins face-off versus Brendan Brisson in Monsters zone.
9:17 of 1st period - Shot by Mason Morelli.
9:17 of 1st period - Goal by Mason Morelli - IceHogs : 1 - Monsters : 1.
9:18 of 1st period - Owen Sillinger wins face-off versus Andrew Poturalski in neutral zone.
10:14 of 1st period - Shot by Dominik Kubalik.
10:14 of 1st period - Deflect By Egor Afanasyev.
10:14 of 1st period - Shot Misses the Net.
10:16 of 1st period - Shot by Nikita Zaitsev.
10:16 of 1st period - Shot Misses the Net.
10:18 of 1st period - Shot by Nikita Zaitsev.
10:18 of 1st period - Stopped by Gustav Grigals without a rebound.
10:19 of 1st period - Owen Sillinger wins face-off versus Andrew Poturalski in Monsters zone.
10:50 of 1st period - Shot by Filip Zadina.
10:50 of 1st period - Shot Misses the Net.
10:52 of 1st period - Shot by Christian Fischer.
10:52 of 1st period - Shot Misses the Net.
10:54 of 1st period - Shot by Dominik Kubalik.
10:54 of 1st period - Stopped by Gustav Grigals with a rebound.
10:56 of 1st period - Shot by Dominik Kubalik.
10:56 of 1st period - Stopped by Gustav Grigals with a rebound.
11:08 of 1st period - Shot by Christian Fischer.
11:08 of 1st period - Deflect By Ethen Frank.
11:08 of 1st period - Shot Blocked by Joe Hicketts.
11:10 of 1st period - Shot by Markus Niemelainen.
11:10 of 1st period - Stopped by Gustav Grigals without a rebound.
11:11 of 1st period - Mike Vecchione wins face-off versus Valtteri Puustinen in Monsters zone.
11:18 of 1st period - Shot by Mike Vecchione.
11:18 of 1st period - Shot Misses the Net.
11:20 of 1st period - Shot by Mason Morelli.
11:20 of 1st period - Goal by Mason Morelli - IceHogs : 1 - Monsters : 2.
11:21 of 1st period - Jan Jenik wins face-off versus Mike Vecchione in neutral zone.
11:21 of 1st period - Jan Jenik is hit by Mason Morelli.
11:29 of 1st period - Mike Vecchione is hit by Jan Jenik and loses puck.
11:35 of 1st period - Jan Jenik is hit by Joe Hicketts and loses puck.
12:12 of 1st period - Christian Fischer is hit by Jacob Larsson and loses puck.
12:31 of 1st period - Shot by Sean Farrell.
12:31 of 1st period - Stopped by Philipp Grubauer without a rebound.
12:32 of 1st period - Egor Afanasyev wins face-off versus Zack MacEwen in IceHogs zone.
12:45 of 1st period - Shot by Owen Sillinger.
12:45 of 1st period - Stopped by Philipp Grubauer without a rebound.
12:46 of 1st period - Egor Afanasyev wins face-off versus Owen Sillinger in IceHogs zone.
13:02 of 1st period - Egor Afanasyev is hit by Zack MacEwen and loses puck.
14:18 of 1st period - Shot by Ethen Frank.
14:18 of 1st period - Shot Hit the Post.
14:51 of 1st period - Shot by Andrew Poturalski.
14:51 of 1st period - Shot Misses the Net.
14:53 of 1st period - Shot by Grant Hutton.
14:53 of 1st period - Stopped by Gustav Grigals without a rebound.
14:54 of 1st period - Jan Jenik wins face-off versus Zack MacEwen in Monsters zone.
15:24 of 1st period - Icing by Justin Barron.
15:25 of 1st period - Andrew Poturalski wins face-off versus Owen Sillinger in Monsters zone.
16:09 of 1st period - Minor Penalty to Ethen Frank for Tripping.
16:10 of 1st period - Egor Afanasyev wins face-off versus Owen Sillinger in IceHogs zone.
16:41 of 1st period - Shot by Owen Sillinger.
16:41 of 1st period - Goal by Owen Sillinger - IceHogs : 1 - Monsters : 3.
16:42 of 1st period - Egor Afanasyev wins face-off versus Mathias Emilio Pettersen in neutral zone.
16:59 of 1st period - Shot by Brandon Tanev.
16:59 of 1st period - Shot Blocked by Jeremie Poirier.
17:01 of 1st period - Shot by Mathias Emilio Pettersen.
17:01 of 1st period - Stopped by Philipp Grubauer with a rebound.
17:42 of 1st period - Shot by Mackie Samoskevich.
17:42 of 1st period - Shot Misses the Net.
17:44 of 1st period - Shot by Mackie Samoskevich.
17:44 of 1st period - Shot Misses the Net.
17:46 of 1st period - Shot by Cam Dineen.
17:46 of 1st period - Goal by Cam Dineen - IceHogs : 1 - Monsters : 4.
17:46 of 1st period - Troy Grosenick enters game.
17:47 of 1st period - Andrew Poturalski wins face-off versus Zack MacEwen in neutral zone.
17:52 of 1st period - Shot by Philip Tomasino.
17:52 of 1st period - Shot Misses the Net.
18:00 of 1st period - Grant Hutton is hit by Zack MacEwen and loses puck.
18:22 of 1st period - Shot by Zack MacEwen.
18:22 of 1st period - Shot Misses the Net.
18:37 of 1st period - Mike Vecchione is hit by Dennis Gilbert and loses puck.
18:42 of 1st period - Shot by Mike Vecchione.
18:42 of 1st period - Shot Misses the Net.
19:03 of 1st period - Mason Morelli is hit by Dennis Gilbert and loses puck.
19:29 of 1st period - Shot by Brandon Tanev.
19:29 of 1st period - Stopped by Troy Grosenick with a rebound.
19:35 of 1st period - Shot by Brandon Tanev.
19:35 of 1st period - Shot Misses the Net.
Goals for this period are 1 for IceHogs vs 4 for Monsters.
Shots for this period are 9 for IceHogs vs 9 for Monsters.
2nd period
0:01 of 2nd period - Jan Jenik wins face-off versus Owen Sillinger in neutral zone.
1:50 of 2nd period - Shot by Filip Zadina.
1:50 of 2nd period - Stopped by Gustav Grigals with a rebound.
1:55 of 2nd period - Minor Penalty to Christian Fischer for Tripping.
1:56 of 2nd period - Egor Afanasyev wins face-off versus Owen Sillinger in IceHogs zone.
2:02 of 2nd period - Off-side.
2:03 of 2nd period - Owen Sillinger wins face-off versus Egor Afanasyev in neutral zone.
2:12 of 2nd period - Shot by Mackie Samoskevich.
2:12 of 2nd period - Stopped by Troy Grosenick without a rebound.
2:13 of 2nd period - Egor Afanasyev wins face-off versus Colton Dach in IceHogs zone.
3:05 of 2nd period - Icing by Jacob Larsson.
3:06 of 2nd period - Mathias Emilio Pettersen wins face-off versus Egor Afanasyev in Monsters zone.
3:31 of 2nd period - Shot by Justin Barron.
3:31 of 2nd period - Stopped by Troy Grosenick without a rebound.
3:32 of 2nd period - Owen Sillinger wins face-off versus Egor Afanasyev in IceHogs zone.
4:01 of 2nd period - Shot by Christian Fischer.
4:01 of 2nd period - Shot Blocked by Joe Hicketts.
5:31 of 2nd period - Brendan Brisson is hit by Zack MacEwen and loses puck.
5:39 of 2nd period - Shot by Colton Dach.
5:39 of 2nd period - Stopped by Troy Grosenick without a rebound.
5:40 of 2nd period - Mathias Emilio Pettersen wins face-off versus Andrew Poturalski in IceHogs zone.
5:41 of 2nd period - Shot by Brandon Tanev.
5:41 of 2nd period - Shot Misses the Net.
6:03 of 2nd period - Brandon Tanev is hit by Markus Niemelainen and loses puck.
6:22 of 2nd period - Shot by Mason Morelli.
6:22 of 2nd period - Stopped by Troy Grosenick with a rebound.
6:40 of 2nd period - Shot by Mackie Samoskevich.
6:40 of 2nd period - Stopped by Troy Grosenick with a rebound.
6:42 of 2nd period - Shot by Isaak Phillips.
6:42 of 2nd period - Shot Misses the Net.
6:54 of 2nd period - Jacob Larsson is hit by Andrew Poturalski and loses puck.
7:00 of 2nd period - Kevin Gravel is hit by Jeremie Poirier and loses puck.
7:09 of 2nd period - Shot by Owen Sillinger.
7:09 of 2nd period - Stopped by Troy Grosenick without a rebound.
7:10 of 2nd period - Ethen Frank wins face-off versus Owen Sillinger in IceHogs zone.
7:10 of 2nd period - Ethen Frank is hit by Brandon Tanev.
8:27 of 2nd period - Kevin Gravel is hit by Dominik Kubalik and loses puck.
9:30 of 2nd period - Icing by Nikita Zaitsev.
9:31 of 2nd period - Ethen Frank wins face-off versus Mathias Emilio Pettersen in IceHogs zone.
10:27 of 2nd period - Icing by Isaak Phillips.
10:28 of 2nd period - Andrew Poturalski wins face-off versus Mathias Emilio Pettersen in Monsters zone.
10:48 of 2nd period - Brandon Tanev is hit by Markus Niemelainen.
12:26 of 2nd period - Jan Jenik is hit by Mackie Samoskevich and loses puck.
12:53 of 2nd period - Mike Vecchione is hit by Christian Fischer.
12:54 of 2nd period - Icing by Mike Vecchione.
12:55 of 2nd period - Andrew Poturalski wins face-off versus Mike Vecchione in Monsters zone.
13:38 of 2nd period - Shot by Zack MacEwen.
13:38 of 2nd period - Shot Misses the Net.
13:54 of 2nd period - Icing by Kevin Gravel.
13:55 of 2nd period - Ethen Frank wins face-off versus Zack MacEwen in Monsters zone.
14:01 of 2nd period - Shot by Filip Zadina.
14:01 of 2nd period - Stopped by Gustav Grigals with a rebound.
14:03 of 2nd period - Shot by Ethen Frank.
14:03 of 2nd period - Stopped by Gustav Grigals without a rebound.
14:04 of 2nd period - Andrew Poturalski wins face-off versus Mathias Emilio Pettersen in Monsters zone.
14:17 of 2nd period - Shot by Philip Tomasino.
14:17 of 2nd period - Stopped by Gustav Grigals without a rebound.
14:18 of 2nd period - Christian Fischer wins face-off versus Mathias Emilio Pettersen in Monsters zone.
14:32 of 2nd period - Shot by Ethen Frank.
14:32 of 2nd period - Shot Misses the Net.
14:34 of 2nd period - Shot by Filip Zadina.
14:34 of 2nd period - Shot Misses the Net.
14:36 of 2nd period - Shot by Nikita Zaitsev.
14:36 of 2nd period - Shot Misses the Net.
15:01 of 2nd period - Icing by Grant Hutton.
15:02 of 2nd period - Egor Afanasyev wins face-off versus Mike Vecchione in IceHogs zone.
15:08 of 2nd period - Minor Penalty to Kevin Gravel for Slashing.
15:09 of 2nd period - Egor Afanasyev wins face-off versus Owen Sillinger in Monsters zone.
15:30 of 2nd period - Shot by Brendan Brisson.
15:30 of 2nd period - Shot Misses the Net.
16:35 of 2nd period - Shot by Andrew Poturalski.
16:35 of 2nd period - Deflect By Filip Zadina.
16:35 of 2nd period - Shot Misses the Net.
16:37 of 2nd period - Shot by Nikita Zaitsev.
16:37 of 2nd period - Stopped by Gustav Grigals with a rebound.
16:41 of 2nd period - Shot by Filip Zadina.
16:41 of 2nd period - Shot Misses the Net.
16:45 of 2nd period - Shot by Nikita Zaitsev.
16:45 of 2nd period - Shot Misses the Net.
16:56 of 2nd period - Icing by Valtteri Puustinen.
16:57 of 2nd period - Owen Sillinger wins face-off versus Ethen Frank in IceHogs zone.
17:39 of 2nd period - Icing by Cam Dineen.
17:40 of 2nd period - Ethen Frank wins face-off versus Zack MacEwen in Monsters zone.
18:21 of 2nd period - Shot by Isaak Phillips.
18:21 of 2nd period - Stopped by Troy Grosenick with a rebound.
19:02 of 2nd period - Icing by Kevin Gravel.
19:03 of 2nd period - Jan Jenik wins face-off versus Mathias Emilio Pettersen in Monsters zone.
19:21 of 2nd period - Brandon Tanev is hit by Jan Jenik and loses puck.
Goals for this period are 0 for IceHogs vs 0 for Monsters.
Shots for this period are 5 for IceHogs vs 7 for Monsters.
3rd period
0:01 of 3rd period - Andrew Poturalski wins face-off versus Owen Sillinger in neutral zone.
0:36 of 3rd period - Off-side.
0:37 of 3rd period - Egor Afanasyev wins face-off versus Zack MacEwen in neutral zone.
0:40 of 3rd period - Shot by Brendan Brisson.
0:40 of 3rd period - Deflect By Dominik Kubalik.
0:40 of 3rd period - Shot Blocked by Kevin Gravel.
1:00 of 3rd period - Shot by Dominik Kubalik.
1:00 of 3rd period - Shot Misses the Net.
1:21 of 3rd period - Icing by Grant Hutton.
1:22 of 3rd period - Egor Afanasyev wins face-off versus Mathias Emilio Pettersen in IceHogs zone.
1:39 of 3rd period - Shot by Filip Zadina.
1:39 of 3rd period - Goal by Filip Zadina - IceHogs : 2 - Monsters : 4.
1:40 of 3rd period - Jan Jenik wins face-off versus Mike Vecchione in neutral zone.
1:40 of 3rd period - Jan Jenik is hit by Mason Morelli.
1:53 of 3rd period - Valtteri Puustinen is hit by Cam Dineen and loses puck.
1:54 of 3rd period - Minor Penalty to Cam Dineen for Roughing.
1:55 of 3rd period - Owen Sillinger wins face-off versus Andrew Poturalski in Monsters zone.
2:22 of 3rd period - Shot by Nikita Zaitsev.
2:22 of 3rd period - Shot Misses the Net.
2:48 of 3rd period - Shot by Dennis Gilbert.
2:48 of 3rd period - Stopped by Gustav Grigals with a rebound.
3:23 of 3rd period - Shot by Filip Zadina.
3:23 of 3rd period - Stopped by Gustav Grigals without a rebound.
3:24 of 3rd period - Colton Dach wins face-off versus Philip Tomasino in Monsters zone.
3:41 of 3rd period - Filip Zadina is hit by Isaak Phillips and loses puck.
4:09 of 3rd period - Shot by Ethen Frank.
4:09 of 3rd period - Shot Misses the Net.
4:11 of 3rd period - Shot by Dominik Kubalik.
4:11 of 3rd period - Stopped by Gustav Grigals without a rebound.
4:12 of 3rd period - Owen Sillinger wins face-off versus Jan Jenik in Monsters zone.
4:16 of 3rd period - Brandon Tanev is hit by Jan Jenik and loses puck.
4:26 of 3rd period - Minor Penalty to Jacob Larsson for High sticking.
4:27 of 3rd period - Egor Afanasyev wins face-off versus Mason Morelli in Monsters zone.
4:36 of 3rd period - Shot by Dennis Gilbert.
4:36 of 3rd period - Deflect By Egor Afanasyev.
4:36 of 3rd period - Stopped by Gustav Grigals without a rebound.
4:37 of 3rd period - Egor Afanasyev wins face-off versus Owen Sillinger in Monsters zone.
5:40 of 3rd period - Shot by Filip Zadina.
5:40 of 3rd period - Shot Blocked by Kevin Gravel.
5:41 of 3rd period - Minor Penalty to Andrew Poturalski for Tripping.
5:42 of 3rd period - Ethen Frank wins face-off versus Owen Sillinger in IceHogs zone.
6:18 of 3rd period - Icing by Isaak Phillips.
6:19 of 3rd period - Ethen Frank wins face-off versus Owen Sillinger in Monsters zone.
7:24 of 3rd period - Icing by Isaak Phillips.
7:25 of 3rd period - Sean Farrell wins face-off versus Egor Afanasyev in Monsters zone.
7:34 of 3rd period - Shot by Justin Barron.
7:34 of 3rd period - Shot Misses the Net.
7:36 of 3rd period - Shot by Sean Farrell.
7:36 of 3rd period - Goal by Sean Farrell - IceHogs : 2 - Monsters : 5.
7:37 of 3rd period - Owen Sillinger wins face-off versus Andrew Poturalski in neutral zone.
7:52 of 3rd period - Shot by Owen Sillinger.
7:52 of 3rd period - Stopped by Troy Grosenick with a rebound.
8:54 of 3rd period - Egor Afanasyev is hit by Justin Barron and loses puck.
9:30 of 3rd period - Filip Zadina is hit by Zack MacEwen and loses puck.
9:41 of 3rd period - Shot by Zack MacEwen.
9:41 of 3rd period - Stopped by Troy Grosenick without a rebound.
9:42 of 3rd period - Jan Jenik wins face-off versus Zack MacEwen in IceHogs zone.
9:52 of 3rd period - Icing by Jacob Larsson.
9:53 of 3rd period - Egor Afanasyev wins face-off versus Brandon Tanev in Monsters zone.
11:25 of 3rd period - Minor Penalty to Christian Fischer for Holding.
11:26 of 3rd period - Egor Afanasyev wins face-off versus Owen Sillinger in IceHogs zone.
11:26 of 3rd period - Egor Afanasyev is hit by Mason Morelli.
12:21 of 3rd period - Shot by Jacob Larsson.
12:21 of 3rd period - Shot Misses the Net.
12:23 of 3rd period - Shot by Jacob Larsson.
12:23 of 3rd period - Stopped by Troy Grosenick with a rebound.
13:15 of 3rd period - Icing by Mason Morelli.
13:16 of 3rd period - Egor Afanasyev wins face-off versus Drew Callin in Monsters zone.
13:41 of 3rd period - Shot by Philip Tomasino.
13:41 of 3rd period - Shot Misses the Net.
13:52 of 3rd period - Off-side.
13:53 of 3rd period - Mathias Emilio Pettersen wins face-off versus Ethen Frank in neutral zone.
13:59 of 3rd period - Minor Penalty to Dennis Gilbert for Cross-checking.
14:00 of 3rd period - Egor Afanasyev wins face-off versus Owen Sillinger in IceHogs zone.
14:55 of 3rd period - Shot by Zack MacEwen.
14:55 of 3rd period - Stopped by Troy Grosenick with a rebound.
14:57 of 3rd period - Shot by Mathias Emilio Pettersen.
14:57 of 3rd period - Shot Misses the Net.
14:59 of 3rd period - Shot by Mathias Emilio Pettersen.
14:59 of 3rd period - Shot Misses the Net.
15:01 of 3rd period - Shot by Isaak Phillips.
15:01 of 3rd period - Deflect By Mathias Emilio Pettersen.
15:01 of 3rd period - Shot Blocked by Nikita Zaitsev.
15:03 of 3rd period - Shot by Isaak Phillips.
15:03 of 3rd period - Shot Blocked by Nikita Zaitsev.
15:05 of 3rd period - Shot by Isaak Phillips.
15:05 of 3rd period - Shot Misses the Net.
15:07 of 3rd period - Shot by Zack MacEwen.
15:07 of 3rd period - Deflect By Colton Dach.
15:07 of 3rd period - Shot Misses the Net.
15:21 of 3rd period - Shot by Jacob Larsson.
15:21 of 3rd period - Stopped by Troy Grosenick with a rebound.
15:23 of 3rd period - Shot by Brandon Tanev.
15:23 of 3rd period - Shot Misses the Net.
15:25 of 3rd period - Shot by Kevin Gravel.
15:25 of 3rd period - Stopped by Troy Grosenick without a rebound.
15:26 of 3rd period - Filip Zadina wins face-off versus Owen Sillinger in IceHogs zone.
15:55 of 3rd period - Shot by Brandon Tanev.
15:55 of 3rd period - Shot Misses the Net.
16:04 of 3rd period - Minor Penalty to Cam Dineen for Roughing.
16:05 of 3rd period - Mackie Samoskevich wins face-off versus Andrew Poturalski in Monsters zone.
16:05 of 3rd period - Mackie Samoskevich is hit by Filip Zadina.
16:33 of 3rd period - Shot by Filip Zadina.
16:33 of 3rd period - Stopped by Gustav Grigals without a rebound.
16:34 of 3rd period - Egor Afanasyev wins face-off versus Owen Sillinger in Monsters zone.
16:35 of 3rd period - Shot by Brendan Brisson.
16:35 of 3rd period - Goal by Brendan Brisson - IceHogs : 3 - Monsters : 5.
16:36 of 3rd period - Egor Afanasyev wins face-off versus Mathias Emilio Pettersen in neutral zone.
16:52 of 3rd period - Shot by Brandon Tanev.
16:52 of 3rd period - Stopped by Troy Grosenick without a rebound.
16:53 of 3rd period - Mike Vecchione wins face-off versus Andrew Poturalski in IceHogs zone.
17:18 of 3rd period - Shot by Philip Tomasino.
17:18 of 3rd period - Shot Blocked by Kevin Gravel.
18:00 of 3rd period - Shot by Egor Afanasyev.
18:00 of 3rd period - Stopped by Gustav Grigals without a rebound.
18:01 of 3rd period - Zack MacEwen wins face-off versus Ethen Frank in Monsters zone.
18:01 of 3rd period - Justin Barron is hit by Christian Fischer and loses puck.
18:19 of 3rd period - Shot by Filip Zadina.
18:19 of 3rd period - Stopped by Gustav Grigals without a rebound.
18:20 of 3rd period - Jan Jenik wins face-off versus Mathias Emilio Pettersen in Monsters zone.
18:20 of 3rd period - Philip Tomasino is hit by Joe Hicketts and loses puck.
18:23 of 3rd period - Shot by Philip Tomasino.
18:23 of 3rd period - Shot Misses the Net.
18:25 of 3rd period - Shot by Philip Tomasino.
18:25 of 3rd period - Stopped by Gustav Grigals without a rebound.
18:26 of 3rd period - Mathias Emilio Pettersen wins face-off versus Dominik Kubalik in Monsters zone.
18:26 of 3rd period - Mathias Emilio Pettersen is hit by Egor Afanasyev.
18:37 of 3rd period - Minor Penalty to Grant Hutton for Roughing.
18:38 of 3rd period - Egor Afanasyev wins face-off versus Mathias Emilio Pettersen in IceHogs zone.
18:38 of 3rd period - Egor Afanasyev is hit by Zack MacEwen.
18:51 of 3rd period - Minor Penalty to Dennis Gilbert for Tripping.
18:52 of 3rd period - Egor Afanasyev wins face-off versus Owen Sillinger in IceHogs zone.
19:27 of 3rd period - Shot by Kevin Gravel.
19:27 of 3rd period - Stopped by Troy Grosenick with a rebound.
Goals for this period are 2 for IceHogs vs 1 for Monsters.
Shots for this period are 10 for IceHogs vs 9 for Monsters.
Back to the Top